[ PARTIDA AOE2 · #471718871 ]
UnrankedSicilianos vs Franks
[ ANÁLISIS DE REPETICIÓN · EXTRAÍDO DE LA PARTIDA GRABADA ]
Feudal
13:22
Castillos
35:11
Imperial
—
| APM promedio | 26.9 |
| APM pico | 51 |
| eAPM promedio | 18.1 |
| Aldeanos / militares | 90 / 16 |
Foco
⚔️ 26.5% · 🌾 73.5%
Fishing Ship ×31 · Unknown (2626) ×7 · Galley ×6 · Serjeant ×6 · Fire Galley ×2 · Transport Ship ×2
Feudal
13:38
Castillos
17:18
Imperial
—
| APM promedio | 36.9 |
| APM pico | 62 |
| eAPM promedio | 23.1 |
| Aldeanos / militares | 123 / 45 |
Foco
⚔️ 24.1% · 🌾 75.9%
Knight ×35 · Fishing Ship ×8 · Throwing Axeman ×6 · Fire Galley ×3 · Unknown (2626) ×2 · Mangonel ×1
Feudal
13:52
Castillos
21:46
Imperial
—
| APM promedio | 17.8 |
| APM pico | 39 |
| eAPM promedio | 11.5 |
| Aldeanos / militares | 104 / 41 |
Foco
⚔️ 21.5% · 🌾 78.5%
Militia ×34 · Fishing Ship ×10 · Battering Ram ×7
Feudal
13:47
Castillos
17:17
Imperial
31:02
| APM promedio | 26.8 |
| APM pico | 45 |
| eAPM promedio | 16.7 |
| Aldeanos / militares | 118 / 58 |
Foco
⚔️ 31.4% · 🌾 68.6%
Kamayuk ×39 · Fishing Ship ×12 · Fire Galley ×7 · Trebuchet (Packed) ×6 · Galley ×4 · Monk ×1
Feudal
13:51
Castillos
18:44
Imperial
34:39
| APM promedio | 59.0 |
| APM pico | 110 |
| eAPM promedio | 32.1 |
| Aldeanos / militares | 199 / 60 |
Foco
⚔️ 53.7% · 🌾 46.3%
Knight ×33 · Fire Galley ×17 · Fishing Ship ×13 · Monk ×5 · Unknown (2626) ×4 · Obuch ×3
Feudal
14:02
Castillos
18:31
Imperial
40:28
| APM promedio | 27.1 |
| APM pico | 60 |
| eAPM promedio | 18.0 |
| Aldeanos / militares | 151 / 56 |
Foco
⚔️ 22.0% · 🌾 78.0%
Longbowman ×50 · Fishing Ship ×30 · Archer ×6
Feudal
13:14
Castillos
17:45
Imperial
35:48
| APM promedio | 25.0 |
| APM pico | 61 |
| eAPM promedio | 13.2 |
| Aldeanos / militares | 108 / 99 |
Foco
⚔️ 19.0% · 🌾 81.0%
Scout Cavalry ×79 · Gbeto ×18 · Fishing Ship ×12 · Monk ×1 · Battering Ram ×1
Feudal
13:44
Castillos
17:19
Imperial
27:01
| APM promedio | 40.2 |
| APM pico | 98 |
| eAPM promedio | 24.6 |
| Aldeanos / militares | 146 / 112 |
Foco
⚔️ 37.8% · 🌾 62.2%
Hand Cannoneer ×92 · Fishing Ship ×15 · Bombard Cannon ×8 · Trebuchet (Packed) ×5 · Mangonel ×3 · Genoese Crossbowman ×2
Mapa de la partida
Recursos iniciales + cada clic de construcción. Líneas = muros · curvas = relieve. ◆ oro · ⬟ piedra · ● bayas · ✦ reliquia · ◌ hueco del cierre
Tu base· Abierta — hueco de 11t
Base de paradox303· Abierta — hueco de 4t
Base de |LS| King-Oblivion· Abierta — hueco de 6t
Base de Simonz· Abierta — flanco sin cerrar
Base de TideWalker· Abierta — hueco de 15t
Base de Noxx· Abierta — hueco de 2t
Base de Tex_T_Fode· Abierta — hueco de 13t
Base de alesh· Abierta — hueco de 4t
Terreno inicial suavizado · ◌ = hueco del cierre detectado · pasá el cursor para detalles
Inputs por minuto
— Russian77 - - paradox303
Build order — Russian77
Primeras 150 de 214 acciones detectadas
| 0:18 | Construir | House |
| 0:41 | Construir | Town Center |
| 1:07 | Construir | Dock |
| 2:59 | Crear | Villager (Male) |
| 2:59 | Crear | Villager (Male) |
| 2:59 | Crear | Villager (Male) |
| 3:14 | Construir | House |
| 3:26 | Crear | Villager (Male) |
| 4:08 | Crear | Fishing Ship |
| 4:26 | Crear | Villager (Male) |
| 4:45 | Construir | House |
| 5:00 | Investigar | Loom |
| 5:30 | Crear | Villager (Male) |
| 5:54 | Crear | Villager (Male) |
| 5:56 | Crear | Fishing Ship |
| 6:19 | Crear | Villager (Male) |
| 6:33 | Crear | Fishing Ship |
| 6:48 | Crear | Villager (Male) |
| 6:48 | Crear | Villager (Male) |
| 7:10 | Crear | Fishing Ship |
| 7:20 | Construir | House |
| 7:26 | Crear | Villager (Male) |
| 8:06 | Crear | Villager (Male) |
| 8:08 | Crear | Villager (Male) |
| 8:24 | Crear | Fishing Ship |
| 8:28 | Construir | House |
| 8:33 | Crear | Villager (Male) |
| 9:05 | Construir | Mill |
| 9:10 | Crear | Villager (Male) |
| 9:32 | Crear | Villager (Male) |
| 10:12 | Crear | Villager (Male) |
| 10:37 | Crear | Villager (Male) |
| 10:47 | Construir | Palisade Wall |
| 10:56 | Construir | House |
| 11:04 | Construir | House |
| 11:12 | Investigar | Feudal Age |
| 11:47 | Crear | Villager (Male) |
| 11:47 | Crear | Villager (Male) |
| 11:50 | Construir | Mining Camp |
| 12:17 | Construir | House |
| 12:18 | Construir | House |
| 12:59 | Construir | Dock |
| 13:22 | Edad | Edad Feudal |
| 13:25 | Crear | Unit 2626 |
| 13:26 | Crear | Unit 2626 |
| 13:38 | Crear | Unit 2626 |
| 13:38 | Crear | Unit 2626 |
| 13:48 | Crear | Villager (Male) |
| 14:10 | Construir | Lumber Camp |
| 14:23 | Crear | Villager (Male) |
| 14:34 | Crear | Fire Galley |
| 14:34 | Crear | Fire Galley |
| 14:49 | Crear | Villager (Male) |
| 15:04 | Investigar | Double-Bit Axe |
| 15:17 | Crear | Galley |
| 15:17 | Crear | Galley |
| 15:25 | Crear | Villager (Male) |
| 15:31 | Crear | Villager (Male) |
| 15:40 | Construir | Market |
| 15:59 | Crear | Villager (Male) |
| 16:09 | Crear | Galley |
| 16:09 | Crear | Galley |
| 16:21 | Construir | Blacksmith |
| 16:25 | Crear | Galley |
| 16:25 | Crear | Galley |
| 16:37 | Crear | Villager (Male) |
| 16:45 | Construir | House |
| 16:48 | Construir | House |
| 16:49 | Construir | House |
| 16:52 | Crear | Villager (Male) |
| 17:37 | Construir | Donjon |
| 17:47 | Crear | Villager (Male) |
| 18:09 | Crear | Villager (Male) |
| 18:24 | Construir | Farm |
| 18:24 | Construir | Farm |
| 18:24 | Construir | Farm |
| 18:24 | Construir | Farm |
| 18:25 | Construir | Farm |
| 18:29 | Investigar | Horse Collar |
| 18:33 | Crear | Unit 2626 |
| 18:39 | Crear | Unit 2626 |
| 18:39 | Crear | Unit 2626 |
| 18:50 | Crear | Serjeant ×2 |
| 18:50 | Crear | Serjeant ×2 |
| 19:01 | Construir | Farm |
| 19:01 | Construir | Farm |
| 19:01 | Construir | Farm |
| 19:02 | Construir | Farm |
| 19:15 | Crear | Villager (Male) |
| 19:30 | Construir | House |
| 19:33 | Crear | Serjeant |
| 19:33 | Crear | Serjeant |
| 19:59 | Construir | House |
| 19:59 | Construir | House |
| 20:01 | Crear | Villager (Male) |
| 20:18 | Construir | Mining Camp |
| 20:50 | Crear | Transport Ship |
| 21:44 | Construir | Town Center |
| 23:33 | Crear | Villager (Male) |
| 23:34 | Crear | Villager (Male) |
| 23:43 | Crear | Fishing Ship |
| 23:43 | Crear | Fishing Ship |
| 24:25 | Crear | Villager (Male) |
| 24:35 | Crear | Transport Ship |
| 24:54 | Construir | Lumber Camp |
| 25:26 | Crear | Villager (Male) |
| 25:26 | Crear | Villager (Male) |
| 25:42 | Crear | Fishing Ship ×2 |
| 25:42 | Crear | Fishing Ship ×2 |
| 26:09 | Crear | Villager (Male) |
| 26:09 | Crear | Villager (Male) |
| 26:21 | Construir | Mining Camp |
| 26:31 | Crear | Fishing Ship ×3 |
| 26:32 | Crear | Fishing Ship ×3 |
| 27:39 | Construir | Town Center |
| 28:11 | Crear | Villager (Male) |
| 28:12 | Crear | Villager (Male) |
| 28:12 | Crear | Villager (Male) |
| 28:13 | Crear | Villager (Male) |
| 28:14 | Crear | Villager (Male) |
| 28:14 | Crear | Villager (Male) |
| 28:14 | Crear | Villager (Male) |
| 29:07 | Construir | House |
| 29:22 | Construir | Mill |
| 29:43 | Crear | Fishing Ship ×4 |
| 29:43 | Crear | Fishing Ship ×4 |
| 29:46 | Construir | House |
| 30:05 | Investigar | Wheelbarrow |
| 30:32 | Crear | Villager (Male) |
| 30:33 | Crear | Villager (Male) |
| 30:37 | Construir | Farm |
| 30:37 | Construir | Farm |
| 30:37 | Construir | Farm |
| 30:38 | Construir | Farm |
| 30:59 | Investigar | Tech 906 |
| 30:59 | Crear | Fishing Ship |
| 30:59 | Crear | Fishing Ship |
| 31:19 | Crear | Villager (Male) |
| 31:19 | Crear | Villager (Male) |
| 31:35 | Crear | Fishing Ship |
| 31:35 | Crear | Fishing Ship |
| 31:38 | Construir | House |
| 31:39 | Construir | House |
| 32:14 | Crear | Villager (Male) |
| 32:31 | Investigar | Castle Age |
| 32:54 | Crear | Villager (Male) |
| 32:54 | Crear | Villager (Male) |
| 32:59 | Construir | Mining Camp |
| 33:17 | Construir | Dock |
| 33:49 | Crear | Fishing Ship |
Build order — paradox303
Primeras 150 de 329 acciones detectadas
| 0:14 | Construir | Town Center |
| 0:47 | Construir | Dock |
| 0:52 | Construir | House |
| 0:55 | Construir | Palisade Wall |
| 2:30 | Crear | Villager (Male) |
| 2:31 | Crear | Villager (Male) |
| 2:31 | Crear | Villager (Male) |
| 2:31 | Crear | Villager (Male) |
| 3:38 | Crear | Fishing Ship |
| 3:51 | Crear | Villager (Male) |
| 4:06 | Construir | House |
| 4:36 | Investigar | Loom |
| 4:59 | Crear | Villager (Male) |
| 5:04 | Crear | Fishing Ship |
| 5:21 | Crear | Villager (Male) |
| 5:57 | Crear | Fishing Ship |
| 6:01 | Crear | Villager (Male) |
| 6:20 | Construir | House |
| 6:27 | Crear | Villager (Male) |
| 6:51 | Crear | Villager (Male) |
| 6:57 | Crear | Fishing Ship |
| 7:18 | Crear | Villager (Male) |
| 7:22 | Construir | House |
| 7:33 | Crear | Villager (Male) |
| 7:39 | Crear | Fishing Ship |
| 7:54 | Crear | Villager (Male) |
| 8:01 | Construir | House |
| 8:06 | Crear | Villager (Male) |
| 8:19 | Crear | Fishing Ship |
| 8:43 | Construir | House |
| 8:48 | Crear | Villager (Male) |
| 9:07 | Crear | Fishing Ship |
| 9:07 | Crear | Villager (Male) |
| 9:27 | Crear | Villager (Male) |
| 9:33 | Construir | Mining Camp |
| 9:44 | Crear | Villager (Male) |
| 10:16 | Crear | Villager (Male) |
| 10:25 | Construir | Mill |
| 10:55 | Crear | Villager (Male) |
| 10:57 | Crear | Fishing Ship |
| 11:24 | Investigar | Feudal Age |
| 11:47 | Construir | House |
| 11:49 | Construir | House |
| 11:51 | Construir | Palisade Wall |
| 12:24 | Crear | Villager (Male) |
| 12:24 | Crear | Villager (Male) |
| 13:04 | Construir | Dock |
| 13:38 | Edad | Edad Feudal |
| 13:43 | Construir | Blacksmith |
| 13:51 | Construir | Market |
| 13:53 | Construir | Palisade Wall |
| 14:24 | Construir | Lumber Camp |
| 14:38 | Investigar | Castle Age |
| 14:59 | Investigar | Double-Bit Axe |
| 15:26 | Crear | Unit 2626 |
| 15:26 | Crear | Unit 2626 |
| 15:54 | Crear | Fire Galley |
| 16:04 | Crear | Fire Galley |
| 16:16 | Crear | Villager (Male) |
| 16:23 | Construir | Mill |
| 16:49 | Construir | Barracks |
| 17:14 | Crear | Villager (Male) |
| 17:18 | Edad | Edad de los Castillos |
| 17:23 | Crear | Fire Galley |
| 17:26 | Construir | Farm |
| 17:27 | Construir | Farm |
| 17:29 | Construir | Farm |
| 17:31 | Construir | Farm |
| 17:33 | Construir | Farm |
| 17:36 | Crear | Villager (Male) |
| 17:48 | Crear | Villager (Male) |
| 17:56 | Crear | Villager (Male) |
| 18:11 | Crear | Villager (Male) |
| 18:15 | Construir | Stable |
| 18:31 | Crear | Villager (Male) |
| 18:39 | Investigar | Scale Barding Armor |
| 18:41 | Crear | Villager (Male) |
| 18:46 | Construir | Farm |
| 18:47 | Construir | Farm |
| 18:54 | Crear | Villager (Male) |
| 18:59 | Crear | Knight |
| 19:16 | Crear | Knight |
| 19:20 | Construir | Farm |
| 19:21 | Construir | Farm |
| 19:23 | Crear | Villager (Male) |
| 19:30 | Investigar | Bow Saw |
| 19:55 | Crear | Knight |
| 19:56 | Crear | Villager (Male) |
| 20:05 | Crear | Villager (Male) |
| 20:16 | Crear | Villager (Male) |
| 20:21 | Construir | House |
| 20:21 | Construir | House |
| 20:26 | Crear | Knight |
| 20:28 | Crear | Villager (Male) |
| 20:31 | Investigar | Town Watch |
| 20:44 | Crear | Villager (Male) |
| 20:54 | Crear | Villager (Male) |
| 21:05 | Crear | Villager (Male) |
| 21:13 | Construir | Town Center |
| 21:16 | Crear | Villager (Male) |
| 21:17 | Crear | Knight |
| 21:23 | Crear | Villager (Male) |
| 21:28 | Construir | Lumber Camp |
| 21:29 | Crear | Villager (Male) |
| 21:51 | Investigar | Wheelbarrow |
| 22:00 | Crear | Knight |
| 22:13 | Crear | Villager (Male) |
| 22:28 | Construir | Siege Workshop |
| 22:34 | Crear | Villager (Male) |
| 22:44 | Crear | Villager (Male) |
| 22:51 | Crear | Villager (Male) |
| 22:53 | Crear | Villager (Male) |
| 23:02 | Crear | Mangonel |
| 23:05 | Crear | Villager (Male) |
| 23:15 | Crear | Villager (Male) |
| 23:30 | Crear | Villager (Male) |
| 23:50 | Crear | Villager (Male) |
| 23:56 | Crear | Villager (Male) |
| 24:10 | Crear | Villager (Male) |
| 24:16 | Construir | Town Center |
| 24:19 | Crear | Knight |
| 24:20 | Crear | Villager (Male) |
| 24:27 | Construir | Mining Camp |
| 24:36 | Crear | Knight |
| 24:42 | Crear | Villager (Male) |
| 24:42 | Crear | Villager (Male) |
| 24:48 | Crear | Villager (Male) |
| 24:53 | Construir | Farm |
| 25:03 | Construir | House |
| 25:07 | Construir | Farm |
| 25:13 | Crear | Villager (Male) |
| 25:13 | Crear | Villager (Male) |
| 25:21 | Crear | Villager (Male) |
| 25:27 | Construir | Farm |
| 25:29 | Construir | Farm |
| 25:30 | Construir | Farm |
| 25:33 | Crear | Villager (Male) |
| 25:38 | Crear | Knight |
| 25:51 | Crear | Villager (Male) |
| 25:59 | Crear | Villager (Male) |
| 26:00 | Crear | Villager (Male) |
| 26:00 | Crear | Villager (Male) |
| 26:07 | Construir | Farm |
| 26:08 | Construir | Farm |
| 26:08 | Construir | Farm |
| 26:08 | Construir | Farm |
| 26:08 | Construir | Farm |
| 26:09 | Construir | Farm |
| 26:18 | Crear | Knight |
| 26:25 | Construir | Farm |
Build order — |LS| King-Oblivion
Primeras 150 de 284 acciones detectadas
| 0:07 | Construir | Town Center |
| 1:01 | Construir | House |
| 1:45 | Construir | Dock |
| 2:41 | Crear | Villager (Male) |
| 2:41 | Crear | Villager (Male) |
| 2:42 | Crear | Villager (Male) |
| 2:42 | Crear | Villager (Male) |
| 4:04 | Investigar | Loom |
| 4:12 | Crear | Fishing Ship |
| 4:35 | Crear | Villager (Male) |
| 4:40 | Construir | House |
| 5:12 | Crear | Villager (Male) |
| 5:13 | Crear | Villager (Male) |
| 5:36 | Crear | Villager (Male) |
| 5:45 | Crear | Fishing Ship |
| 6:19 | Construir | House |
| 6:25 | Crear | Villager (Male) |
| 6:25 | Crear | Villager (Male) |
| 6:33 | Crear | Fishing Ship |
| 6:34 | Crear | Fishing Ship |
| 6:49 | Crear | Villager (Male) |
| 7:23 | Crear | Fishing Ship |
| 7:25 | Crear | Villager (Male) |
| 7:25 | Crear | Villager (Male) |
| 7:37 | Crear | Villager (Male) |
| 7:38 | Crear | Villager (Male) |
| 7:46 | Crear | Fishing Ship |
| 8:12 | Construir | House |
| 8:21 | Crear | Villager (Male) |
| 8:25 | Crear | Fishing Ship |
| 9:00 | Crear | Villager (Male) |
| 9:11 | Crear | Fishing Ship |
| 9:40 | Crear | Villager (Male) |
| 9:40 | Crear | Villager (Male) |
| 9:41 | Crear | Villager (Male) |
| 9:44 | Construir | House |
| 9:45 | Construir | House |
| 10:39 | Crear | Fishing Ship |
| 10:45 | Construir | House |
| 10:47 | Construir | House |
| 10:57 | Construir | Mill |
| 11:10 | Crear | Fishing Ship |
| 11:15 | Crear | Villager (Male) |
| 11:19 | Construir | Mining Camp |
| 11:42 | Investigar | Feudal Age |
| 11:49 | Construir | House |
| 12:00 | Construir | Mining Camp |
| 12:24 | Construir | House |
| 12:29 | Construir | Palisade Wall |
| 12:33 | Construir | Palisade Wall |
| 13:44 | Construir | Outpost |
| 13:52 | Edad | Edad Feudal |
| 13:53 | Crear | Villager (Male) |
| 13:53 | Crear | Villager (Male) |
| 13:54 | Crear | Villager (Male) |
| 14:11 | Construir | Watch Tower |
| 14:26 | Construir | Blacksmith |
| 14:28 | Crear | Villager (Male) |
| 14:35 | Construir | Lumber Camp |
| 14:46 | Construir | Watch Tower |
| 15:21 | Crear | Villager (Male) |
| 15:26 | Investigar | Fletching |
| 15:54 | Crear | Villager (Male) |
| 16:01 | Construir | Market |
| 16:14 | Construir | House |
| 16:35 | Construir | House |
| 16:43 | Crear | Villager (Male) |
| 16:44 | Crear | Villager (Male) |
| 17:21 | Construir | Watch Tower |
| 17:26 | Crear | Villager (Male) |
| 19:03 | Crear | Villager (Male) |
| 19:06 | Investigar | Castle Age |
| 19:53 | Construir | House |
| 19:55 | Construir | Palisade Wall |
| 19:59 | Construir | Palisade Wall |
| 20:03 | Investigar | Wheelbarrow |
| 20:25 | Construir | Watch Tower |
| 20:38 | Construir | Outpost |
| 20:49 | Investigar | Horse Collar |
| 21:13 | Construir | Watch Tower |
| 21:46 | Edad | Edad de los Castillos |
| 21:49 | Construir | Town Center |
| 22:01 | Construir | Town Center |
| 22:07 | Investigar | Double-Bit Axe |
| 22:21 | Construir | Mining Camp |
| 22:24 | Construir | Outpost |
| 22:27 | Crear | Villager (Male) |
| 22:43 | Crear | Villager (Male) |
| 22:51 | Investigar | Town Watch |
| 23:02 | Construir | Town Center |
| 23:13 | Construir | Outpost |
| 23:16 | Investigar | Stone Mining |
| 23:22 | Investigar | Bow Saw |
| 23:27 | Construir | Farm |
| 23:29 | Construir | Farm |
| 23:37 | Construir | Farm |
| 23:45 | Construir | Farm |
| 23:54 | Crear | Villager (Male) |
| 23:55 | Crear | Villager (Male) |
| 23:57 | Construir | Farm |
| 24:16 | Crear | Villager (Male) |
| 24:19 | Construir | Farm |
| 24:22 | Construir | Farm |
| 24:39 | Crear | Villager (Male) |
| 25:06 | Construir | Castle |
| 25:09 | Crear | Villager (Male) |
| 25:09 | Crear | Villager (Male) |
| 25:10 | Crear | Villager (Male) |
| 25:16 | Construir | Farm |
| 25:18 | Construir | Farm |
| 25:21 | Crear | Villager (Male) |
| 25:21 | Crear | Villager (Male) |
| 25:24 | Construir | Farm |
| 25:26 | Construir | Farm |
| 25:27 | Construir | Farm |
| 25:41 | Crear | Villager (Male) |
| 25:41 | Crear | Villager (Male) |
| 25:55 | Crear | Villager (Male) |
| 26:08 | Construir | Mining Camp |
| 26:09 | Crear | Villager (Male) |
| 26:10 | Crear | Villager (Male) |
| 26:14 | Construir | Farm |
| 26:18 | Construir | Farm |
| 26:20 | Crear | Villager (Male) |
| 26:25 | Construir | Farm |
| 26:27 | Construir | Farm |
| 26:29 | Crear | Villager (Male) |
| 26:32 | Construir | Farm |
| 26:34 | Crear | Villager (Male) |
| 26:37 | Construir | Farm |
| 27:05 | Crear | Villager (Male) |
| 27:05 | Crear | Villager (Male) |
| 27:06 | Crear | Villager (Male) |
| 27:06 | Crear | Villager (Male) |
| 27:06 | Crear | Villager (Male) |
| 27:07 | Crear | Villager (Male) |
| 27:27 | Crear | Villager (Male) |
| 27:27 | Crear | Villager (Male) |
| 27:27 | Crear | Villager (Male) |
| 27:36 | Crear | Villager (Male) |
| 27:36 | Crear | Villager (Male) |
| 27:46 | Construir | Farm |
| 27:50 | Construir | Farm |
| 27:57 | Crear | Villager (Male) |
| 27:58 | Crear | Villager (Male) |
| 27:58 | Crear | Villager (Male) |
| 27:58 | Crear | Villager (Male) |
| 28:02 | Construir | Town Center |
| 28:04 | Crear | Villager (Male) |
| 28:25 | Crear | Villager (Male) |
Build order — Simonz
Primeras 150 de 285 acciones detectadas
| 0:05 | Construir | House |
| 0:21 | Construir | Town Center |
| 0:57 | Construir | Dock |
| 2:38 | Crear | Villager (Male) |
| 2:38 | Crear | Villager (Male) |
| 2:38 | Crear | Villager (Male) |
| 2:38 | Crear | Villager (Male) |
| 3:39 | Crear | Fishing Ship |
| 3:57 | Crear | Villager (Male) |
| 4:32 | Crear | Villager (Male) |
| 5:01 | Crear | Fishing Ship |
| 5:02 | Crear | Villager (Male) |
| 5:28 | Crear | Villager (Male) |
| 5:36 | Construir | House |
| 6:01 | Crear | Villager (Male) |
| 6:01 | Crear | Villager (Male) |
| 6:07 | Crear | Fishing Ship |
| 6:41 | Crear | Fishing Ship |
| 6:43 | Crear | Villager (Male) |
| 7:03 | Crear | Villager (Male) |
| 7:25 | Crear | Villager (Male) |
| 7:31 | Crear | Fishing Ship |
| 7:48 | Crear | Villager (Male) |
| 8:07 | Crear | Fishing Ship |
| 8:09 | Crear | Villager (Male) |
| 8:11 | Construir | House |
| 8:33 | Crear | Villager (Male) |
| 8:44 | Construir | Settlement |
| 8:54 | Crear | Fishing Ship |
| 9:04 | Crear | Villager (Male) |
| 9:20 | Construir | House |
| 9:26 | Crear | Fishing Ship |
| 9:36 | Construir | House |
| 9:37 | Crear | Villager (Male) |
| 9:54 | Crear | Villager (Male) |
| 10:12 | Crear | Fishing Ship |
| 10:17 | Crear | Villager (Male) |
| 10:28 | Construir | Dock |
| 10:41 | Investigar | Loom |
| 10:59 | Construir | Settlement |
| 11:12 | Crear | Fishing Ship |
| 11:37 | Investigar | Feudal Age |
| 11:45 | Crear | Fishing Ship |
| 12:21 | Crear | Fishing Ship |
| 13:01 | Crear | Villager (Male) |
| 13:01 | Crear | Villager (Male) |
| 13:47 | Edad | Edad Feudal |
| 13:48 | Construir | Market |
| 13:50 | Construir | Blacksmith |
| 14:10 | Investigar | Double-Bit Axe |
| 14:18 | Investigar | Tech 906 |
| 14:36 | Investigar | Castle Age |
| 14:50 | Crear | Fire Galley |
| 15:05 | Investigar | Gold Mining |
| 15:10 | Crear | Fire Galley |
| 15:22 | Crear | Galley |
| 15:24 | Crear | Villager (Male) |
| 15:37 | Investigar | Fletching |
| 15:44 | Crear | Galley |
| 16:13 | Crear | Fire Galley |
| 16:26 | Crear | Galley |
| 16:53 | Crear | Fire Galley |
| 17:07 | Investigar | Town Watch |
| 17:09 | Crear | Villager (Male) |
| 17:17 | Edad | Edad de los Castillos |
| 17:20 | Investigar | War Galley (upgrade) |
| 17:23 | Investigar | Bow Saw |
| 17:24 | Investigar | Horse Collar |
| 17:25 | Crear | Villager (Male) |
| 17:25 | Crear | Villager (Male) |
| 18:06 | Crear | Galley |
| 18:07 | Crear | Fire Galley |
| 18:24 | Construir | Monastery |
| 18:35 | Crear | Villager (Male) |
| 19:00 | Construir | Town Center |
| 19:02 | Crear | Villager (Male) |
| 19:15 | Construir | House |
| 19:16 | Construir | House |
| 19:18 | Crear | Monk |
| 19:21 | Crear | Villager (Male) |
| 19:59 | Crear | Villager (Male) |
| 20:18 | Construir | House |
| 20:18 | Construir | House |
| 20:40 | Crear | Villager (Male) |
| 20:40 | Crear | Villager (Male) |
| 20:44 | Construir | Town Center |
| 20:46 | Crear | Villager (Male) |
| 21:16 | Crear | Fire Galley |
| 21:16 | Crear | Fire Galley |
| 21:18 | Crear | Villager (Male) |
| 21:24 | Construir | Dock |
| 21:28 | Investigar | Gillnets |
| 21:30 | Crear | Villager (Male) |
| 21:30 | Crear | Villager (Male) |
| 21:45 | Crear | Villager (Male) |
| 21:53 | Crear | Villager (Male) |
| 21:59 | Crear | Villager (Male) |
| 22:00 | Crear | Villager (Male) |
| 22:11 | Investigar | Heavy Plow |
| 22:12 | Crear | Villager (Male) |
| 22:12 | Crear | Villager (Male) |
| 22:12 | Crear | Villager (Male) |
| 22:27 | Construir | Town Center |
| 22:42 | Investigar | Stone Mining |
| 22:43 | Crear | Villager (Male) |
| 22:54 | Crear | Villager (Male) |
| 22:54 | Crear | Villager (Male) |
| 23:04 | Crear | Villager (Male) |
| 23:06 | Construir | Farm |
| 23:07 | Construir | Farm |
| 23:12 | Construir | Farm |
| 23:15 | Construir | Farm |
| 23:16 | Crear | Villager (Male) |
| 23:33 | Crear | Villager (Male) |
| 23:35 | Investigar | Bodkin Arrow |
| 23:36 | Crear | Villager (Male) |
| 24:03 | Investigar | Wheelbarrow |
| 24:04 | Crear | Villager (Male) |
| 24:04 | Crear | Villager (Male) |
| 24:18 | Crear | Villager (Male) |
| 24:18 | Crear | Villager (Male) |
| 24:40 | Crear | Villager (Male) |
| 24:49 | Construir | Settlement |
| 24:51 | Crear | Villager (Male) |
| 24:51 | Crear | Villager (Male) |
| 25:05 | Crear | Villager (Male) |
| 25:05 | Crear | Villager (Male) |
| 25:07 | Crear | Villager (Male) |
| 25:30 | Construir | Castle |
| 25:31 | Crear | Villager (Male) |
| 25:31 | Crear | Villager (Male) |
| 25:35 | Crear | Villager (Male) |
| 25:41 | Construir | House |
| 25:59 | Construir | Castle |
| 26:04 | Construir | Siege Workshop |
| 26:12 | Investigar | Hand Cart |
| 26:13 | Crear | Villager (Male) |
| 26:14 | Crear | Villager (Male) |
| 26:14 | Crear | Villager (Male) |
| 26:14 | Crear | Villager (Male) |
| 26:23 | Crear | Villager (Male) |
| 26:29 | Construir | Farm |
| 26:30 | Construir | Farm |
| 26:32 | Construir | Farm |
| 26:33 | Construir | Farm |
| 26:34 | Crear | Villager (Male) |
| 26:42 | Crear | Mangonel |
| 26:44 | Crear | Kamayuk |
| 26:44 | Crear | Kamayuk |
| 27:07 | Construir | Farm |
Build order — TideWalker
Primeras 150 de 295 acciones detectadas
| 0:08 | Construir | Town Center |
| 0:35 | Construir | Dock |
| 0:38 | Construir | House |
| 2:30 | Crear | Villager (Male) |
| 2:31 | Crear | Villager (Male) |
| 2:31 | Crear | Villager (Male) |
| 2:32 | Crear | Villager (Male) |
| 2:32 | Crear | Villager (Male) |
| 2:32 | Crear | Villager (Male) |
| 3:30 | Investigar | Loom |
| 3:32 | Crear | Fishing Ship |
| 3:32 | Crear | Fishing Ship |
| 3:39 | Crear | Villager (Male) |
| 3:58 | Construir | House |
| 5:07 | Crear | Villager (Male) |
| 5:08 | Crear | Villager (Male) |
| 5:29 | Crear | Fishing Ship |
| 5:29 | Crear | Fishing Ship |
| 5:32 | Crear | Villager (Male) |
| 5:32 | Crear | Villager (Male) |
| 5:48 | Construir | Palisade Wall |
| 5:49 | Construir | Palisade Wall |
| 5:54 | Construir | Palisade Wall |
| 6:00 | Crear | Villager (Male) |
| 6:00 | Crear | Villager (Male) |
| 6:11 | Construir | Palisade Wall |
| 6:15 | Crear | Villager (Male) |
| 6:15 | Crear | Villager (Male) |
| 6:30 | Construir | House |
| 6:45 | Crear | Villager (Male) |
| 6:45 | Crear | Villager (Male) |
| 6:46 | Crear | Villager (Male) |
| 7:09 | Crear | Villager (Male) |
| 7:09 | Crear | Villager (Male) |
| 7:17 | Construir | House |
| 7:28 | Crear | Fishing Ship |
| 7:29 | Crear | Fishing Ship |
| 7:35 | Crear | Villager (Male) |
| 8:08 | Crear | Villager (Male) |
| 8:14 | Crear | Villager (Male) |
| 8:14 | Crear | Villager (Male) |
| 8:18 | Crear | Villager (Male) |
| 8:27 | Construir | Mill |
| 8:42 | Crear | Villager (Male) |
| 8:42 | Crear | Villager (Male) |
| 8:54 | Crear | Fishing Ship |
| 8:54 | Crear | Fishing Ship |
| 9:20 | Crear | Villager (Male) |
| 9:21 | Crear | Villager (Male) |
| 9:26 | Crear | Fishing Ship |
| 9:26 | Crear | Fishing Ship |
| 9:30 | Construir | House |
| 9:49 | Construir | Palisade Wall |
| 10:17 | Crear | Villager (Male) |
| 10:21 | Crear | Fishing Ship |
| 11:02 | Construir | Mining Camp |
| 11:41 | Investigar | Feudal Age |
| 11:45 | Crear | Fishing Ship |
| 12:36 | Crear | Fishing Ship |
| 12:43 | Construir | Lumber Camp |
| 13:38 | Crear | Villager (Male) |
| 13:42 | Construir | House |
| 13:46 | Crear | Villager (Male) |
| 13:51 | Edad | Edad Feudal |
| 13:53 | Crear | Unit 2626 |
| 13:53 | Crear | Unit 2626 |
| 13:55 | Crear | Villager (Male) |
| 14:03 | Construir | Blacksmith |
| 14:24 | Crear | Villager (Male) |
| 14:40 | Crear | Unit 2626 ×2 |
| 14:41 | Crear | Villager (Male) |
| 14:42 | Crear | Villager (Male) |
| 15:03 | Construir | Market |
| 15:30 | Crear | Villager (Male) |
| 15:49 | Construir | Mining Camp |
| 16:05 | Investigar | Castle Age |
| 16:05 | Investigar | Castle Age |
| 16:28 | Crear | Fire Galley |
| 16:36 | Investigar | Stone Mining |
| 16:37 | Crear | Villager (Male) |
| 16:42 | Construir | House |
| 16:59 | Crear | Fire Galley |
| 17:02 | Crear | Villager (Male) |
| 17:44 | Crear | Villager (Male) |
| 18:37 | Crear | Transport Ship |
| 18:44 | Edad | Edad de los Castillos |
| 18:59 | Construir | Siege Workshop |
| 19:03 | Construir | Monastery |
| 19:11 | Construir | Castle |
| 19:18 | Crear | Villager (Male) |
| 19:25 | Investigar | Double-Bit Axe |
| 19:25 | Crear | Villager (Male) |
| 19:37 | Crear | Transport Ship |
| 19:50 | Crear | Monk |
| 19:55 | Construir | House |
| 19:56 | Construir | House |
| 20:00 | Construir | Palisade Wall |
| 20:01 | Construir | Palisade Wall |
| 20:23 | Construir | House |
| 20:24 | Construir | House |
| 20:27 | Crear | Monk |
| 20:32 | Construir | Palisade Wall |
| 20:36 | Crear | Monk |
| 20:56 | Construir | Town Center |
| 21:03 | Crear | Monk |
| 21:27 | Crear | Villager (Male) |
| 21:28 | Crear | Villager (Male) |
| 21:28 | Crear | Villager (Male) |
| 21:51 | Crear | Villager (Male) |
| 21:52 | Crear | Villager (Male) |
| 22:16 | Construir | Farm |
| 22:20 | Crear | Monk |
| 22:22 | Construir | Farm |
| 22:38 | Crear | Villager (Male) |
| 22:38 | Crear | Villager (Male) |
| 22:42 | Crear | Villager (Male) |
| 22:43 | Crear | Villager (Male) |
| 23:00 | Crear | Villager (Male) |
| 23:00 | Crear | Villager (Male) |
| 23:29 | Construir | Lumber Camp |
| 23:31 | Crear | Villager (Male) |
| 23:32 | Crear | Villager (Male) |
| 23:35 | Construir | Farm |
| 23:50 | Construir | Lumber Camp |
| 24:08 | Crear | Villager (Male) ×2 |
| 24:08 | Crear | Villager (Male) ×2 |
| 24:18 | Construir | Farm |
| 24:27 | Construir | Mill |
| 24:40 | Crear | Villager (Male) ×3 |
| 24:40 | Crear | Villager (Male) ×5 |
| 24:40 | Crear | Villager (Male) ×2 |
| 25:13 | Construir | Mill |
| 25:20 | Construir | Farm |
| 25:21 | Construir | Farm |
| 25:22 | Construir | Farm |
| 25:25 | Crear | Villager (Male) |
| 25:25 | Crear | Villager (Male) |
| 25:29 | Construir | Mill |
| 25:35 | Crear | Villager (Male) ×2 |
| 25:36 | Crear | Villager (Male) ×4 |
| 25:36 | Crear | Villager (Male) ×2 |
| 26:03 | Crear | Villager (Male) ×2 |
| 26:03 | Crear | Villager (Male) ×3 |
| 26:04 | Crear | Villager (Male) |
| 26:17 | Crear | Villager (Male) ×2 |
| 26:18 | Crear | Villager (Male) ×2 |
| 26:23 | Crear | Villager (Male) |
| 26:24 | Crear | Villager (Male) |
| 26:49 | Construir | Mill |
| 26:50 | Crear | Villager (Male) |
Build order — Noxx
Primeras 150 de 394 acciones detectadas
| 0:03 | Construir | Town Center |
| 1:21 | Construir | Dock |
| 1:26 | Construir | House |
| 2:26 | Crear | Villager (Male) |
| 2:26 | Crear | Villager (Male) |
| 3:02 | Crear | Villager (Male) |
| 3:21 | Crear | Villager (Male) |
| 4:02 | Crear | Fishing Ship |
| 4:12 | Crear | Villager (Male) |
| 4:52 | Crear | Villager (Male) |
| 4:58 | Construir | House |
| 5:21 | Crear | Villager (Male) |
| 5:31 | Investigar | Loom |
| 5:44 | Crear | Fishing Ship |
| 5:48 | Crear | Villager (Male) |
| 6:22 | Crear | Villager (Male) |
| 6:33 | Crear | Villager (Male) |
| 6:45 | Crear | Fishing Ship |
| 6:47 | Crear | Villager (Male) |
| 7:14 | Construir | House |
| 7:28 | Crear | Fishing Ship |
| 7:45 | Construir | House |
| 7:56 | Crear | Villager (Male) |
| 8:11 | Crear | Fishing Ship |
| 8:18 | Crear | Villager (Male) |
| 8:37 | Crear | Villager (Male) |
| 8:45 | Construir | Mill |
| 8:52 | Crear | Villager (Male) |
| 9:03 | Crear | Fishing Ship |
| 9:28 | Construir | House |
| 9:33 | Construir | House |
| 9:38 | Construir | House |
| 9:39 | Crear | Fishing Ship |
| 9:41 | Crear | Villager (Male) |
| 10:02 | Construir | Farm |
| 10:11 | Crear | Villager (Male) |
| 10:19 | Crear | Fishing Ship |
| 10:33 | Crear | Villager (Male) |
| 10:42 | Construir | Farm |
| 10:50 | Crear | Fishing Ship |
| 10:52 | Crear | Villager (Male) |
| 10:58 | Crear | Fishing Ship |
| 11:20 | Construir | Farm |
| 11:22 | Construir | Farm |
| 11:25 | Crear | Villager (Male) |
| 11:43 | Investigar | Feudal Age |
| 12:06 | Crear | Fishing Ship |
| 12:12 | Construir | House |
| 12:13 | Construir | House |
| 12:28 | Construir | Barracks |
| 12:58 | Construir | Mining Camp |
| 12:59 | Crear | Villager (Male) |
| 13:19 | Construir | House |
| 13:21 | Construir | House |
| 13:25 | Crear | Villager (Male) |
| 14:02 | Edad | Edad Feudal |
| 14:04 | Construir | Archery Range |
| 14:30 | Construir | Blacksmith |
| 14:33 | Crear | Villager (Male) |
| 14:38 | Crear | Villager (Male) |
| 15:14 | Crear | Archer |
| 15:16 | Crear | Archer |
| 15:20 | Construir | Outpost |
| 15:28 | Crear | Fishing Ship |
| 15:38 | Crear | Archer |
| 15:52 | Investigar | Castle Age |
| 16:23 | Construir | Watch Tower |
| 16:31 | Investigar | Fletching |
| 16:34 | Crear | Archer |
| 16:35 | Crear | Archer |
| 16:36 | Crear | Villager (Male) |
| 16:47 | Construir | Dock |
| 16:50 | Crear | Villager (Male) |
| 17:00 | Crear | Archer |
| 17:06 | Construir | Lumber Camp |
| 17:25 | Construir | Palisade Wall |
| 17:26 | Crear | Villager (Male) |
| 17:30 | Construir | Palisade Gate |
| 17:33 | Crear | Villager (Male) |
| 18:31 | Edad | Edad de los Castillos |
| 18:37 | Construir | Siege Workshop |
| 18:39 | Crear | Villager (Male) |
| 18:49 | Investigar | Double-Bit Axe |
| 20:57 | Construir | Mining Camp |
| 21:36 | Construir | Lumber Camp |
| 23:06 | Construir | Town Center |
| 23:48 | Construir | Town Center |
| 24:13 | Construir | House |
| 24:15 | Construir | House |
| 24:17 | Construir | House |
| 24:18 | Construir | House |
| 24:26 | Crear | Villager (Male) |
| 24:27 | Crear | Villager (Male) |
| 24:41 | Crear | Villager (Male) |
| 24:50 | Crear | Villager (Male) |
| 24:57 | Construir | Town Center |
| 25:01 | Crear | Villager (Male) |
| 25:15 | Crear | Villager (Male) |
| 25:25 | Construir | Gate |
| 25:29 | Construir | Gate |
| 25:36 | Crear | Villager (Male) |
| 25:36 | Crear | Villager (Male) |
| 25:37 | Crear | Villager (Male) |
| 25:38 | Crear | Villager (Male) |
| 26:00 | Crear | Villager (Male) |
| 26:22 | Construir | Town Center |
| 26:24 | Crear | Villager (Male) |
| 26:25 | Crear | Villager (Male) |
| 26:27 | Construir | House |
| 26:28 | Construir | House |
| 26:29 | Construir | House |
| 26:33 | Construir | House |
| 26:34 | Crear | Villager (Male) |
| 26:39 | Crear | Fishing Ship |
| 26:50 | Crear | Villager (Male) |
| 26:53 | Crear | Villager (Male) |
| 26:55 | Crear | Villager (Male) |
| 26:58 | Crear | Villager (Male) |
| 27:02 | Construir | Market |
| 27:03 | Crear | Villager (Male) |
| 27:05 | Crear | Villager (Male) |
| 27:08 | Crear | Villager (Male) |
| 27:10 | Crear | Villager (Male) |
| 27:17 | Construir | House |
| 27:18 | Crear | Villager (Male) |
| 27:28 | Crear | Villager (Male) |
| 27:35 | Crear | Villager (Male) |
| 27:35 | Crear | Villager (Male) |
| 27:44 | Construir | Dock |
| 27:45 | Crear | Villager (Male) |
| 27:46 | Crear | Villager (Male) |
| 27:46 | Crear | Villager (Male) |
| 27:49 | Construir | Farm |
| 27:50 | Crear | Villager (Male) |
| 27:53 | Crear | Fishing Ship |
| 27:53 | Crear | Fishing Ship |
| 28:10 | Crear | Villager (Male) |
| 28:10 | Crear | Villager (Male) |
| 28:14 | Investigar | Bow Saw |
| 28:17 | Investigar | Tech 906 |
| 28:22 | Crear | Villager (Male) |
| 28:28 | Construir | House |
| 28:29 | Construir | House |
| 28:37 | Construir | House |
| 28:38 | Construir | House |
| 28:38 | Construir | House |
| 28:38 | Construir | House |
| 28:38 | Construir | House |
| 28:39 | Construir | House |
| 28:39 | Construir | House |
Build order — Tex_T_Fode
Primeras 150 de 291 acciones detectadas
| 0:07 | Construir | Town Center |
| 0:40 | Construir | House |
| 0:44 | Construir | Dock |
| 2:26 | Investigar | Loom |
| 2:26 | Crear | Villager (Male) ×4 |
| 3:51 | Crear | Villager (Male) |
| 3:52 | Crear | Villager (Male) |
| 4:52 | Crear | Villager (Male) |
| 4:53 | Crear | Villager (Male) |
| 4:55 | Crear | Fishing Ship |
| 4:55 | Crear | Fishing Ship |
| 5:01 | Construir | House |
| 5:03 | Construir | House |
| 5:18 | Crear | Villager (Male) |
| 5:19 | Crear | Villager (Male) |
| 5:37 | Crear | Fishing Ship |
| 5:37 | Crear | Fishing Ship |
| 6:03 | Crear | Villager (Male) |
| 6:03 | Crear | Villager (Male) |
| 6:16 | Crear | Fishing Ship |
| 6:16 | Crear | Fishing Ship |
| 6:31 | Crear | Villager (Male) |
| 6:32 | Crear | Villager (Male) |
| 7:01 | Crear | Villager (Male) |
| 7:04 | Crear | Villager (Male) |
| 7:04 | Crear | Villager (Male) |
| 7:11 | Crear | Fishing Ship |
| 7:12 | Crear | Fishing Ship |
| 7:19 | Crear | Fishing Ship |
| 7:19 | Crear | Fishing Ship |
| 7:49 | Crear | Villager (Male) |
| 7:50 | Crear | Villager (Male) |
| 7:50 | Crear | Villager (Male) |
| 8:02 | Construir | House |
| 8:03 | Construir | House |
| 8:12 | Crear | Fishing Ship |
| 8:32 | Crear | Villager (Male) |
| 8:33 | Crear | Villager (Male) |
| 9:05 | Crear | Villager (Male) |
| 9:06 | Crear | Villager (Male) |
| 9:06 | Crear | Villager (Male) |
| 9:06 | Crear | Villager (Male) |
| 9:22 | Construir | Mill |
| 9:31 | Crear | Fishing Ship |
| 10:42 | Construir | Lumber Camp |
| 10:50 | Construir | House |
| 10:52 | Construir | House |
| 11:05 | Investigar | Feudal Age |
| 11:25 | Construir | Mining Camp |
| 13:14 | Edad | Edad Feudal |
| 13:17 | Crear | Villager (Male) |
| 13:17 | Crear | Villager (Male) |
| 13:17 | Crear | Villager (Male) |
| 13:25 | Construir | Blacksmith |
| 13:28 | Construir | Market |
| 13:56 | Construir | Mining Camp |
| 14:45 | Construir | House |
| 15:05 | Investigar | Castle Age |
| 15:30 | Investigar | Stone Mining |
| 15:49 | Investigar | Double-Bit Axe |
| 16:55 | Investigar | Gold Mining |
| 16:59 | Investigar | Horse Collar |
| 17:14 | Investigar | Fletching |
| 17:45 | Edad | Edad de los Castillos |
| 17:49 | Crear | Villager (Male) |
| 17:50 | Crear | Villager (Male) |
| 17:50 | Crear | Villager (Male) |
| 18:21 | Construir | Castle |
| 18:37 | Crear | Villager (Male) |
| 18:40 | Investigar | Bow Saw |
| 19:10 | Crear | Villager (Male) |
| 19:10 | Crear | Villager (Male) |
| 19:37 | Crear | Villager (Male) |
| 20:19 | Construir | Siege Workshop |
| 20:29 | Construir | Monastery |
| 20:35 | Crear | Villager (Male) |
| 20:35 | Crear | Villager (Male) |
| 20:44 | Construir | Town Center |
| 20:49 | Crear | Battering Ram |
| 20:54 | Crear | Gbeto ×4 |
| 20:54 | Crear | Gbeto ×4 |
| 21:11 | Crear | Monk |
| 21:38 | Investigar | Gold Shaft Mining |
| 21:47 | Construir | Farm |
| 21:53 | Investigar | Heavy Plow |
| 21:57 | Construir | Farm |
| 21:58 | Construir | Farm |
| 21:58 | Construir | Farm |
| 21:58 | Construir | Farm |
| 21:59 | Construir | Farm |
| 21:59 | Construir | Farm |
| 21:59 | Construir | Farm |
| 22:00 | Construir | Farm |
| 22:00 | Construir | Farm |
| 22:33 | Construir | Farm |
| 22:34 | Construir | Farm |
| 22:37 | Construir | Farm |
| 22:40 | Crear | Villager (Male) ×5 |
| 23:00 | Crear | Villager (Male) |
| 23:04 | Crear | Villager (Male) |
| 23:30 | Crear | Gbeto ×2 |
| 23:30 | Crear | Gbeto ×3 |
| 23:30 | Crear | Gbeto |
| 24:01 | Construir | Stone Wall |
| 24:24 | Construir | Stone Wall |
| 24:30 | Construir | Farm |
| 24:30 | Construir | Farm |
| 24:31 | Construir | Farm |
| 24:31 | Construir | Farm |
| 24:31 | Construir | Farm |
| 24:32 | Construir | Farm |
| 24:32 | Construir | Farm |
| 24:36 | Crear | Villager (Male) ×5 |
| 24:40 | Crear | Villager (Male) |
| 24:41 | Crear | Villager (Male) |
| 24:41 | Crear | Villager (Male) |
| 24:53 | Investigar | Scale Mail Armor |
| 25:29 | Crear | Gbeto ×2 |
| 25:29 | Crear | Gbeto ×2 |
| 26:14 | Crear | Villager (Male) |
| 26:14 | Crear | Villager (Male) |
| 26:28 | Construir | Stone Wall |
| 26:35 | Construir | University |
| 26:54 | Construir | Farm |
| 26:55 | Construir | Farm |
| 26:56 | Construir | Farm |
| 26:57 | Construir | Farm |
| 26:57 | Construir | Farm |
| 26:57 | Construir | Farm |
| 26:57 | Construir | Farm |
| 26:58 | Construir | Farm |
| 27:02 | Investigar | Wheelbarrow |
| 27:20 | Investigar | Chain Mail Armor |
| 27:35 | Construir | Town Center |
| 27:40 | Crear | Villager (Male) |
| 27:40 | Crear | Villager (Male) |
| 27:41 | Crear | Villager (Male) |
| 27:44 | Crear | Villager (Male) ×2 |
| 27:50 | Construir | Farm |
| 27:50 | Construir | Farm |
| 27:50 | Construir | Farm |
| 27:50 | Construir | Farm |
| 27:51 | Construir | Farm |
| 28:30 | Investigar | Forging |
| 28:37 | Construir | Farm |
| 28:38 | Construir | Farm |
| 29:01 | Crear | Villager (Male) |
| 29:01 | Crear | Villager (Male) |
| 29:02 | Crear | Villager (Male) |
| 29:04 | Crear | Villager (Male) ×5 |
Build order — alesh
Primeras 150 de 372 acciones detectadas
| 0:16 | Construir | Town Center |
| 1:06 | Construir | Dock |
| 2:20 | Construir | House |
| 2:42 | Crear | Villager (Male) |
| 2:42 | Crear | Villager (Male) |
| 2:42 | Crear | Villager (Male) |
| 2:42 | Crear | Villager (Male) |
| 2:43 | Crear | Villager (Male) |
| 3:41 | Crear | Villager (Male) |
| 3:41 | Crear | Villager (Male) |
| 4:06 | Crear | Fishing Ship |
| 4:26 | Construir | House |
| 4:44 | Investigar | Loom |
| 5:03 | Crear | Villager (Male) |
| 5:18 | Crear | Villager (Male) |
| 5:37 | Crear | Villager (Male) |
| 5:48 | Crear | Fishing Ship |
| 6:06 | Construir | House |
| 6:26 | Crear | Villager (Male) |
| 6:27 | Crear | Villager (Male) |
| 6:28 | Crear | Villager (Male) |
| 6:39 | Construir | Palisade Wall |
| 6:49 | Crear | Fishing Ship |
| 7:07 | Crear | Villager (Male) |
| 7:24 | Crear | Fishing Ship |
| 7:26 | Crear | Villager (Male) |
| 7:38 | Construir | House |
| 7:43 | Crear | Villager (Male) |
| 8:12 | Crear | Fishing Ship |
| 8:30 | Crear | Villager (Male) |
| 8:44 | Crear | Villager (Male) |
| 8:48 | Construir | Dock |
| 8:56 | Construir | House |
| 8:59 | Crear | Villager (Male) |
| 9:39 | Crear | Fishing Ship |
| 9:41 | Crear | Fishing Ship |
| 9:44 | Crear | Villager (Male) |
| 10:06 | Crear | Villager (Male) |
| 10:20 | Crear | Fishing Ship |
| 10:21 | Crear | Fishing Ship |
| 10:22 | Crear | Villager (Male) |
| 10:27 | Construir | House |
| 10:48 | Construir | Mill |
| 11:02 | Construir | House |
| 11:06 | Crear | Villager (Male) |
| 11:19 | Investigar | Feudal Age |
| 11:39 | Crear | Villager (Male) |
| 11:40 | Crear | Villager (Male) |
| 11:51 | Construir | Mining Camp |
| 12:20 | Crear | Fishing Ship |
| 12:41 | Crear | Fishing Ship |
| 13:44 | Edad | Edad Feudal |
| 13:47 | Construir | Blacksmith |
| 13:53 | Construir | Market |
| 14:39 | Investigar | Castle Age |
| 14:40 | Investigar | Castle Age |
| 14:51 | Investigar | Town Watch |
| 14:51 | Crear | Villager (Male) |
| 14:55 | Investigar | Tech 906 |
| 14:56 | Investigar | Tech 906 |
| 15:14 | Construir | House |
| 16:08 | Crear | Fishing Ship |
| 16:09 | Crear | Fishing Ship |
| 16:13 | Crear | Villager (Male) |
| 16:36 | Construir | Lumber Camp |
| 16:39 | Crear | Villager (Male) |
| 17:19 | Edad | Edad de los Castillos |
| 17:24 | Crear | Villager (Male) |
| 17:26 | Construir | Town Center |
| 17:37 | Construir | Town Center |
| 17:40 | Investigar | Double-Bit Axe |
| 17:40 | Investigar | Double-Bit Axe |
| 17:43 | Crear | Villager (Male) |
| 17:51 | Investigar | Gold Mining |
| 17:51 | Investigar | Gold Mining |
| 18:16 | Investigar | Bow Saw |
| 18:17 | Investigar | Bow Saw |
| 18:36 | Crear | Villager (Male) |
| 18:43 | Crear | Villager (Male) |
| 18:43 | Crear | Villager (Male) |
| 18:43 | Crear | Villager (Male) |
| 18:46 | Investigar | Horse Collar |
| 18:46 | Investigar | Horse Collar |
| 19:04 | Crear | Villager (Male) |
| 19:06 | Crear | Villager (Male) |
| 19:07 | Crear | Villager (Male) |
| 19:10 | Crear | Villager (Male) |
| 19:17 | Crear | Fishing Ship |
| 19:20 | Crear | Villager (Male) |
| 19:26 | Construir | Monastery |
| 19:36 | Crear | Villager (Male) |
| 19:36 | Crear | Villager (Male) |
| 19:37 | Crear | Villager (Male) |
| 19:37 | Crear | Villager (Male) |
| 19:44 | Construir | House |
| 19:44 | Construir | House |
| 19:54 | Construir | Lumber Camp |
| 19:56 | Crear | Villager (Male) |
| 20:02 | Investigar | Wheelbarrow |
| 20:02 | Investigar | Wheelbarrow |
| 20:11 | Crear | Villager (Male) |
| 20:14 | Construir | Farm |
| 20:16 | Crear | Monk |
| 20:21 | Construir | Farm |
| 20:24 | Construir | Farm |
| 20:25 | Crear | Villager (Male) |
| 20:25 | Crear | Villager (Male) |
| 20:34 | Crear | Villager (Male) |
| 20:35 | Crear | Villager (Male) |
| 20:41 | Construir | Farm |
| 20:42 | Crear | Villager (Male) |
| 20:47 | Crear | Villager (Male) |
| 20:48 | Construir | House |
| 20:49 | Construir | House |
| 21:00 | Crear | Villager (Male) |
| 21:01 | Crear | Villager (Male) |
| 21:07 | Crear | Villager (Male) |
| 21:09 | Construir | Farm |
| 21:11 | Construir | Farm |
| 21:13 | Construir | Farm |
| 21:18 | Construir | Farm |
| 21:19 | Crear | Villager (Male) |
| 21:29 | Construir | Farm |
| 21:32 | Construir | Farm |
| 21:33 | Crear | Villager (Male) |
| 21:56 | Investigar | Stone Mining |
| 21:56 | Investigar | Stone Mining |
| 21:59 | Construir | Farm |
| 22:01 | Construir | Farm |
| 22:10 | Crear | Villager (Male) |
| 22:11 | Crear | Villager (Male) |
| 22:11 | Crear | Villager (Male) |
| 22:20 | Crear | Fishing Ship |
| 22:27 | Crear | Villager (Male) |
| 22:32 | Construir | Farm |
| 22:34 | Construir | Farm |
| 22:38 | Crear | Villager (Male) |
| 22:39 | Crear | Villager (Male) |
| 22:39 | Crear | Villager (Male) |
| 23:08 | Construir | University |
| 23:47 | Investigar | Imperial Age |
| 23:51 | Investigar | Imperial Age |
| 23:52 | Crear | Villager (Male) |
| 23:52 | Crear | Villager (Male) |
| 23:52 | Crear | Villager (Male) |
| 23:52 | Crear | Villager (Male) |
| 23:54 | Construir | Barracks |
| 24:08 | Crear | Villager (Male) |
| 24:14 | Construir | Castle |
| 24:15 | Crear | Villager (Male) |
Cronología de la partida
| 0:35 | TideWalker · first_building Dock |
| 0:44 | Tex_T_Fode · first_building Dock |
| 0:47 | paradox303 · first_building Dock |
| 0:55 | paradox303 · wall_segment Palisade Wall x1 |
| 0:57 | Simonz · first_building Dock |
| 1:06 | alesh · first_building Dock |
| 1:07 | Russian77 · first_building Dock |
| 1:21 | Noxx · first_building Dock |
| 1:45 | |LS| King-Oblivion · first_building Dock |
| 5:48 | TideWalker · wall_segment Palisade Wall x1 |
| 5:49 | TideWalker · wall_segment Palisade Wall x1 |
| 5:54 | TideWalker · wall_segment Palisade Wall x1 |
| 6:11 | TideWalker · wall_segment Palisade Wall x1 |
| 6:39 | alesh · wall_segment Palisade Wall x5 |
| 9:49 | TideWalker · wall_segment Palisade Wall x1 |
| 10:47 | Russian77 · wall_segment Palisade Wall x4 |
| 11:51 | paradox303 · wall_segment Palisade Wall x3 |
| 12:28 | Noxx · first_building Barracks |
| 12:29 | |LS| King-Oblivion · wall_segment Palisade Wall x7 |
| 12:33 | |LS| King-Oblivion · wall_segment Palisade Wall x6 |
| 13:14 | Tex_T_Fode · age_up feudal |
| 13:22 | Russian77 · age_up feudal |
| 13:38 | paradox303 · age_up feudal |
| 13:44 | alesh · age_up feudal |
| 13:47 | Simonz · age_up feudal |
| 13:51 | TideWalker · age_up feudal |
| 13:52 | |LS| King-Oblivion · age_up feudal |
| 13:53 | paradox303 · wall_segment Palisade Wall x1 |
| 14:02 | Noxx · age_up feudal |
| 14:04 | Noxx · first_building Archery Range |
| 15:03 | Tex_T_Fode · first_market_sell 100 wood |
| 16:49 | paradox303 · first_building Barracks |
| 16:57 | Russian77 · first_market_sell 100 food |
| 17:17 | Simonz · age_up castle |
| 17:18 | paradox303 · age_up castle |
| 17:19 | alesh · age_up castle |
| 17:25 | Noxx · wall_segment Palisade Wall x6 |
| 17:37 | Russian77 · first_building Donjon |
| 17:45 | Tex_T_Fode · age_up castle |
| 18:15 | paradox303 · first_building Stable |
| 18:21 | Tex_T_Fode · first_building Castle |
| 18:24 | Simonz · first_building Monastery |
| 18:31 | Noxx · age_up castle |
| 18:37 | Noxx · first_building Siege Workshop |
| 18:44 | TideWalker · age_up castle |
| 18:59 | TideWalker · first_building Siege Workshop |
| 19:03 | TideWalker · first_building Monastery |
| 19:11 | TideWalker · first_building Castle |
| 19:26 | alesh · first_building Monastery |
| 19:55 | |LS| King-Oblivion · wall_segment Palisade Wall x1 |
| 19:59 | |LS| King-Oblivion · wall_segment Palisade Wall x8 |
| 20:00 | TideWalker · wall_segment Palisade Wall x1 |
| 20:01 | TideWalker · wall_segment Palisade Wall x3 |
| 20:19 | Tex_T_Fode · first_building Siege Workshop |
| 20:29 | Tex_T_Fode · first_building Monastery |
| 20:32 | TideWalker · wall_segment Palisade Wall x1 |
| 20:52 | TideWalker · first_market_buy 100 stone |
| 21:23 | Russian77 · first_market_buy 100 wood |
| 21:46 | |LS| King-Oblivion · age_up castle |
| 22:28 | paradox303 · first_building Siege Workshop |
| 23:54 | alesh · first_building Barracks |
| 24:01 | Tex_T_Fode · wall_segment Stone Wall x12 |
| 24:13 | |LS| King-Oblivion · first_market_buy 100 wood |
| 24:14 | alesh · first_building Castle |
| 24:24 | Tex_T_Fode · wall_segment Stone Wall x13 |
| 24:35 | alesh · wall_segment Stone Wall x3 |
| 24:49 | alesh · first_building Siege Workshop |
| 25:06 | |LS| King-Oblivion · first_building Castle |
| 25:30 | Simonz · first_building Castle |
| 26:04 | Simonz · first_building Siege Workshop |
| 26:28 | Tex_T_Fode · wall_segment Stone Wall x15 |
| 26:36 | alesh · first_building Archery Range |
| 27:01 | alesh · age_up imperial |
| 27:04 | alesh · tribute_sent a jugador 1 |
| 27:04 | alesh · tribute_sent a jugador 2 |
| 27:04 | alesh · tribute_sent a jugador 3 |
| 27:04 | alesh · tribute_sent a jugador 4 |
| 27:04 | alesh · tribute_sent a jugador 5 |
| 27:04 | alesh · tribute_sent a jugador 6 |
| 27:04 | alesh · tribute_sent a jugador 7 |
| 27:11 | alesh · first_market_sell 100 food |
| 28:33 | |LS| King-Oblivion · first_building Siege Workshop |
| 29:05 | |LS| King-Oblivion · first_building Barracks |
| 29:16 | Simonz · first_building Barracks |
| 29:48 | Noxx · first_market_buy 100 food |
| 30:24 | TideWalker · first_building Barracks |
| 30:38 | paradox303 · first_building Castle |
| 31:02 | Simonz · age_up imperial |
| 31:40 | TideWalker · first_building Stable |
| 32:12 | TideWalker · first_market_sell 500 stone |
| 32:25 | Tex_T_Fode · first_market_buy 100 food |
| 32:34 | alesh · first_market_buy 100 food |
| 32:49 | Tex_T_Fode · first_building Barracks |
| 33:16 | Noxx · first_building Monastery |
| 33:18 | paradox303 · wall_segment Stone Wall x1 |
| 33:20 | paradox303 · wall_segment Stone Wall x1 |
| 33:21 | paradox303 · wall_segment Stone Wall x1 |
| 33:24 | paradox303 · wall_segment Stone Wall x1 |
| 33:25 | paradox303 · wall_segment Stone Wall x1 |
| 33:28 | paradox303 · wall_segment Stone Wall x1 |
| 33:30 | Noxx · first_building Castle |
| 33:32 | paradox303 · wall_segment Stone Wall x1 |
| 33:33 | paradox303 · wall_segment Stone Wall x1 |
| 33:36 | Tex_T_Fode · first_building Stable |
| 33:47 | Simonz · first_market_buy 100 stone |
| 33:59 | Simonz · wall_segment Palisade Wall x1 |
| 34:05 | Russian77 · wall_segment Palisade Wall x1 |
| 34:07 | Russian77 · wall_segment Palisade Wall x1 |
| 34:08 | paradox303 · wall_segment Stone Wall x1 |
| 34:37 | paradox303 · first_market_sell 100 wood |
| 34:39 | TideWalker · age_up imperial |
| 35:11 | Russian77 · age_up castle |
| 35:33 | Noxx · wall_segment Stone Wall x1 |
| 35:36 | Noxx · wall_segment Stone Wall x1 |
| 35:38 | Noxx · wall_segment Stone Wall x1 |
| 35:48 | Tex_T_Fode · age_up imperial |
| 35:48 | Noxx · wall_segment Stone Wall x1 |
| 35:51 | Noxx · wall_segment Stone Wall x1 |
| 36:13 | TideWalker · wall_segment Stone Wall x1 |
| 36:26 | Simonz · first_market_sell 500 wood |
| 36:55 | TideWalker · first_building Archery Range |
| 37:04 | Noxx · first_market_sell 500 wood |
| 37:24 | paradox303 · resign |
| 38:18 | Russian77 · first_building Barracks |
| 40:13 | Russian77 · first_building Castle |
| 40:28 | Noxx · age_up imperial |
| 40:40 | Russian77 · first_building Stable |
[ ANÁLISIS IA · 1 CRÉDITO ]
¿Qué pasó realmente en esta partida?
Wolo.gg analiza cada decisión: build order, eco, micro, errores típicos por bracket. Análisis personalizado por WhatsApp o Discord en 30 segundos.
Guía civ
Sicilianos
Perfil
Jugador #1824106